 Dungeon Crawl Stone Soup version 0.31-a0-182-gc5ef74bbde (webtiles) character file.

Game seed: 12958135119137687535

276 olmar the Magician (level 6, -6/42 HPs)
             Began as a Djinni Hedge Wizard on June 21, 2023.
             Was an Initiate of Gozag.
             Mangled by a bullfrog (7 damage)
             ... on level 6 of the Dungeon.
             The game lasted 00:08:25 (3502 turns).

olmar the Magician (Djinni Hedge Wizard)            Turns: 3502, Time: 00:08:25

Health: -6/42      AC:  5    Str: 15    XL:     6   Next: 50%
Gold:   93         EV: 13    Int: 18    God:    Gozag SH:  0 Dex: 12

rFire   + + .        a - +0 dagger (heavy)
rCold   x . .        (no shield)
rNeg    . . .        b - +0 robe
rPois   ∞            o - +0 helmet
rElec   .            q - +0 cloak
rCorr   .            f - +0 pair of gloves
SInv    .            (boots unavailable)
Will    .....        (no amulet)
Stlth   ++           r - +6 ring of strength
HPRegen 0.27/turn    (no ring)
MPRegen 0.00/turn

%: infuse magic (-7 HP)
@: flying
A: sickness immunity, fire resistance 2, cold vulnerability 1, float, innate
caster, HP casting, extra vitality 1
a: Renounce Religion, Potion Petition, Call Merchant, Bribe Branch


You were on level 6 of the Dungeon.
You worshipped Gozag.
Gozag was noncommittal.
You visited 1 branch of the dungeon, and saw 6 of its levels.

You collected 189 gold pieces.
You paid 96 gold pieces to Gozag.

Inventory:

Hand Weapons
 a - a +0 heavy dagger (weapon)
Missiles
 g - 8 poisoned darts
Armour
 b - a +0 robe (worn)
 c - a +0 hat
 f - a +0 pair of gloves (worn)
 n - an orb of guile
 o - a +0 helmet (worn)
 q - a +0 cloak (worn)
Jewellery
 r - a +6 ring of strength (left hand)
Wands
 s - a wand of roots (2)
Scrolls
 e - a scroll of teleportation
 k - a scroll of immolation {unknown}
 m - a scroll of vulnerability
 p - a scroll of enchant armour {unknown}
 t - a scroll of brand weapon
Potions
 d - a potion of invisibility
 h - a potion of curing {unknown}
 j - a potion of degeneration {unknown}
 l - a potion of attraction {unknown}


   Skills:
 + Level 1.6 Fighting
 + Level 4.3 Dodging
 - Level 1.5 Stealth
 - Level 0.1 Unarmed Combat
 * Level 4.4 Spellcasting
 * Level 4.4 Conjurations
 * Level 4.4 Hexes
 * Level 4.4 Summonings
 * Level 4.4 Necromancy
 * Level 4.4 Translocations
 * Level 4.4 Transmutations
 * Level 4.4 Fire Magic
 * Level 4.4 Ice Magic
 * Level 4.4 Air Magic
 * Level 4.4 Earth Magic
 * Level 4.4 Poison Magic


You knew the following spells:

 Your Spells              Type           Power      Damage    Failure   Level
a - Magic Dart            Conj           76%        1d6       2%          1
b - Slow                  Hex            76%        N/A       2%          1
c - Blink                 Tloc           38%        N/A       3%          2
d - Call Imp              Summ           38%        N/A       3%          2
e - Mephitic Cloud        Conj/Pois/Air  19%        N/A       7%          3
f - Sting                 Tmut/Pois      76%        1d6       2%          1
g - Lesser Beckoning      Tloc           38%        N/A       3%          2
Your spell library was empty.

Dungeon Overview and Level Annotations

Branches:
Dungeon (6/15)
 Temple: D:4-7

Altars:
Gozag
Ru
The Shining One


Innate Abilities, Weirdness & Mutations

You are immune to sickness and miasma.
You are immune to poison.
Your flesh is very heat resistant. (rF++)
You are vulnerable to cold. (rC-)
You float through the air rather than walking.
You learn spells naturally, not from books.
Your magical power is your life essence.
You have superior vitality. (+4 MHP)


Message History

Confirm with . or Enter, or press ? or * to list all spells.
A tiny devil pulls itself out of the air.
* * * LOW HITPOINT WARNING * * *
The bullfrog closely misses you.
Unknown command.
Unknown command.
Casting: Call Imp (safe; 3% risk of failure)
Confirm with . or Enter, or press ? or * to list all spells.
Aiming: Slow (safe; 2% risk of failure)
Press: ? - help, Shift-Dir - straight line, f/p - bullfrog
Aim: a bullfrog (lightly wounded, slow, ally target, chance to affect: 51%)
The bullfrog resists with significant effort.
* * * LOW HITPOINT WARNING * * *
The bullfrog barely misses you.
Your cerulean imp hits the bullfrog with a -3 spear.
Casting: Slow (safe; 2% risk of failure)
Confirm with . or Enter, or press ? or * to list all spells.
Okay, then.
Casting: Slow (safe; 2% risk of failure)
Confirm with . or Enter, or press ? or * to list all spells.
You blink.
* * * LOW HITPOINT WARNING * * *
Your cerulean imp hits the bullfrog with a -3 spear.
Unknown command.
Unknown command.
You closely miss the bullfrog. Your punch misses the bullfrog.
The bullfrog is moderately wounded.
You hear the slow rusting of a drain very nearby.
The bullfrog hits you.
* * * LOW HITPOINT WARNING * * *
Your cerulean imp hits the bullfrog with a -3 spear.
Unknown command.
Your cerulean imp hits the bullfrog from afar with a -3 spear.
The bullfrog is no longer moving slowly.
The bullfrog attacks as you move away! The bullfrog hits you.
* * * LOW HITPOINT WARNING * * *
You feel stable enough to blink again. The bullfrog hits you!
You die...
Your body crumbles into a pile of gold.

### #######.##
#####
...##...##.....
#.#........#
#.F.........# .
#@#.$......##
... #.##...##.##
(#...#.###5#####
#........$.....#
#.......###.##.#
#.$.....# #.##.#
###...#.# #....#
##..#.# ###..##
##.### #...#


You could see a bullfrog.

Vanquished Creatures
  A howler monkey (D:6)
  A quasit (D:4)
  A hound (D:4)
  Terence (D:2)
  Robin (D:2)
  2 adders (D:2)
  2 shadow imps (D:4)
  2 white imps (D:4)
  An ufetubus (D:4)
  A worm (D:2)
  5 ball pythons
  4 endoplasms
  6 giant cockroaches
  8 goblins
  8 hobgoblins
  10 jackals
  4 kobolds
  4 quokkas
  4 bats
  4 frilled lizards
  5 rats
75 creatures vanquished.

Vanquished Creatures (collateral kills)
  5 goblins (D:2)
  A hobgoblin (D:4)
  A jackal (D:1)
  A kobold (D:1)
  2 rats
10 creatures vanquished.

Vanquished Creatures (others)
  A hobgoblin (D:2)
1 creature vanquished.

Grand Total: 86 creatures vanquished

Notes
Turn   | Place    | Note
-------+----------+-------------------------------------------
     0 | D:1      | olmar the Djinni Hedge Wizard began the quest for the Orb.
     0 | D:1      | olmar set off with the following spells memorised: Magic
                  | Dart, Slow, Blink, Call Imp, Mephitic Cloud.
     0 | D:1      | Reached XP level 1. HP: 15/15 MP: 0/0
   228 | D:1      | Reached XP level 2. HP: 18/21 MP: 0/0
   616 | D:1      | Reached XP level 3. HP: 18/25 MP: 0/0
   616 | D:1      | Learned a level 1 spell: Sting
  1214 | D:2      | Reached XP level 4. HP: 26/31 MP: 0/0
  1445 | D:2      | Noticed Terence
  1455 | D:2      | Killed Terence
  1456 | D:2      | Reached XP level 5. HP: 28/36 MP: 0/0
  1456 | D:2      | Learned a level 2 spell: Lesser Beckoning
  1676 | D:2      | Noticed Robin
  1689 | D:2      | Found a glowing golden altar of the Shining One.
  1719 | D:2      | Killed Robin
  1720 | D:2      | Reached skill level 1 in Fighting
  2098 | D:3      | You are sucked into a shaft and drop 2 floors!
  2098 | D:5      | Entered Level 5 of the Dungeon
  2430 | D:4      | Found a sacrificial altar of Ru.
  2552 | D:4      | Reached XP level 6. HP: 36/42 MP: 0/0
  3140 | D:4      | Found an opulent altar of Gozag.
  3171 | D:4      | Became a worshipper of Gozag Ym Sagoz the Greedy
  3357 | D:5      | Found a glowing golden altar of the Shining One.
  3502 | D:6      | HP: 1/42 [bullfrog (3)]
  3502 | D:6      | Mangled by a bullfrog

Illustrated notes

Levels and vault maps discovered:
D:1:      beargit_arrival_greenhouse, layout_loops_ring
D:2:      layout_rooms, basic_altar, uniq_terence, uniq_robin
D:3:      layout_basic, nicolae_qazlal_general_emergency, kennysheep_doodads,
          lightli_corner_chamber, uniq_jessica
D:4:      layout_cave_pods, grunt_gozag_breadcrumbs,
          mainiacjoe_overflow_small_starburst, serial_demonic, serial_demonic_d,
          serial_demonic_b, serial_demonic_e, serial_demonic_c
D:5:      layout_cave_pools, dreamdust_divine_triumvirate,
          gammafunk_ghost_nasty_kobolds, chequers_serial_rivers_micro_b
D:6:      layout_loops_corners, lemuel_doored_altar, minmay_temple_entry_ruins,
          gup_sewer_entry_spiral, uniq_crazy_yiuf_cottage, uniq_sigmund,
          uniq_blork_the_orc

Skill      XL: |  1  2  3  4  5 |
---------------+----------------+-----
Spellcasting   | 3 4 |  4.4
Conjurations   | 3 4 |  4.4
Hexes          | 3 4 |  4.4
Summonings     | 3 4 |  4.4
Necromancy     | 3 4 |  4.4
Translocations | 3 4 |  4.4
Transmutations | 3 4 |  4.4
Fire Magic     | 3 4 |  4.4
Ice Magic      | 3 4 |  4.4
Air Magic      | 3 4 |  4.4
Earth Magic    | 3 4 |  4.4
Poison Magic   | 3 4 |  4.4
Dodging        | 3 4 |  4.3
Fighting       | 1 |  1.6
Stealth        | |  1.5
Unarmed Combat | |  0.1

Action                     |  1- 3 |  4- 6 || total
---------------------------+-------+-------++-------
  Melee: Dagger            |    40 |    96 ||   136
         Punch             |       |     1 ||     1
         Unarmed           |       |    11 ||    11
   Cast: Magic Dart        |    47 |    52 ||    99
         Call Imp          |     5 |     9 ||    14
         Sting             |    17 |    35 ||    52
         Slow              |       |     3 ||     3
         Mephitic Cloud    |       |     3 ||     3
         Blink             |       |     3 ||     3
    Use: Potion            |       |     2 ||     2
         Scroll            |       |     4 ||     4
   Stab: Confused          |       |     1 ||     1
 Armour: Robe              |    10 |    41 ||    51
         Skin              |       |    44 ||    44
  Dodge: Dodged            |    29 |   104 ||   133

Table legend: (Time is in decaauts)
 A = Elapsed time spent in this place.
 B = Non-inter-level travel time spent in this place.
 C = Inter-level travel time spent in this place.
 D = Time resting spent in this place.
 E = Time spent auto-exploring this place.
 F = Levels seen in this place.
 G = Mean time per level.
                   A        B        C        D        E       F      G
               +--------+--------+--------+--------+--------+-----+--------+
         Total |   3500 |   3302 |    198 |    912 |   1740 |   6 |  583.3 |
       Dungeon |   3500 |   3302 |    198 |    912 |   1740 |   6 |  583.3 |
               +--------+--------+--------+--------+--------+-----+--------+

Top non-repeatable levels by time:
     D:4: 1208 daAuts
     D:2: 1095 daAuts
     D:1: 1002 daAuts
     D:6: 103 daAuts
     D:5: 91 daAuts
